 Dungeon Crawl Stone Soup version 0.30-a0-777-ga9a30cbeda (webtiles) character file.

Game seed: 11113164288466849980

177 avis the Shooter (level 5, -3/37 (41) HPs)
             Began as a Demigod Hunter on Feb 14, 2023.
             Slain by a gnoll
             ... wielding a +1 flail of draining
              (11 damage)
             ... on level 3 of the Dungeon.
             The game lasted 00:10:52 (1885 turns).

avis the Shooter (Demigod Hunter)                   Turns: 1885, Time: 00:10:52

HP:   -3/37 (41)    AC:  6    Str: 12    XL:     5   Next: 9%
MP:   7/7           EV: 13    Int: 11    God:
Gold: 34            SH:  0    Dex: 21    Spells: 4/4 levels left

rFire   . . .      SeeInvis .    a - +0 shortbow
rCold   . . .      Faith    .    (shield currently unavailable)
rNeg    + . .      Spirit   .    r - +2 robe {Will+}
rPois   .          Reflect  .    (no helmet)
rElec   .          Harm     .    (no cloak)
rCorr   .          Rampage  .    m - +0 pair of gloves
Will    +....                    u - +0 pair of boots
Stlth   ++                       (no amulet)
HPRegen 0.26/turn                k - ring of positive energy
MPRegen 0.10/turn                (no ring)

@: drained
A: high MP 1, forlorn, divine attributes
a: no special abilities


You were on level 3 of the Dungeon.
You visited 1 branch of the dungeon, and saw 3 of its levels.

You collected 92 gold pieces.
You spent 58 gold pieces at shops.

Inventory:

Hand Weapons
 a - a +0 shortbow (weapon)
 n - a +2 trident of flaming
 q - a +0 spectral club
Missiles
 l - 15 poisoned darts
Armour
 c - a +0 leather armour
 m - a +0 pair of gloves (worn)
 r - a +2 robe of willpower (worn)
 t - a +3 ring mail of willpower
 u - a +0 pair of boots (worn)
Jewellery
 k - a ring of positive energy (left hand)
Wands
 s - a wand of polymorph (3)
Scrolls
 b - a scroll of immolation
 e - a scroll of acquirement {unknown}
 f - 2 scrolls of vulnerability {unknown}
 i - 3 scrolls of teleportation {unknown}
 j - 3 scrolls of identify {unknown}
 o - a scroll of brand weapon {unknown}
 v - a scroll of enchant weapon {unknown}
 w - a scroll of fog {unknown}
Potions
 d - a potion of heal wounds {unknown}
 g - a potion of magic {unknown}
 h - 4 potions of curing {unknown}
 p - a potion of ambrosia {unknown}


   Skills:
 - Level 2.0 Fighting
 * Level 5.9 Ranged Weapons
 - Level 2.0 Dodging
 - Level 1.0 Stealth


You had 4 spell levels left.
You didn't know any spells.
Your spell library contained the following spells:

 Spells                   Type           Power      Damage    Failure   Level
 Ignite Poison            Fire/Tmut/Pois 0%         N/A       71%         3
 Kindle Blastsparks       Fire/Tloc/Air  0%         2d10      71%         3
 Freezing Cloud           Conj/Ice/Air   0%         6-21      100%        5


Dungeon Overview and Level Annotations

Branches:
Dungeon (3/15)

Shops:
D:3 [


Innate Abilities, Weirdness & Mutations

You have an increased reservoir of magic. (+10% MP)
You shall have no god before yourself.
Your divine heritage dramatically boosts your attributes as you level up.


Message History

Press: ? - help, Q - select action, (/) - cycle Shift-Dir - straight line, f - gnoll, p - gnoll
Aim: a gnoll, wielding a +0 halberd (heavily wounded, 69% to hit)
You shoot an arrow. The arrow hits the gnoll.
You kill the gnoll!
The gnoll misses you. x2
Fire: a) +0 shortbow
Press: ? - help, Q - select action, (/) - cycle Shift-Dir - straight line, f/p - gnoll
Aim: a gnoll, wielding a +0 halberd (heavily wounded, 69% to hit)
You shoot an arrow. The arrow barely misses the gnoll.
The arrow closely misses the gnoll.
The gnoll hits you from afar with a +0 halberd!
The gnoll hits you but does no damage. You partially resist.
The gnoll misses you.
Fire: a) +0 shortbow
Press: ? - help, Q - select action, (/) - cycle Shift-Dir - straight line, f/p - gnoll
Aim: a gnoll, wielding a +0 halberd (heavily wounded, 69% to hit)
You shoot an arrow. The arrow hits the gnoll.
The gnoll is moderately wounded.
The gnoll closely misses you. x2
The gnoll hits you with a +1 flail of draining.
You partially resist.
You feel drained. The gnoll attacks as you move away!
The gnoll hits you with a +1 flail of draining!
You partially resist.
You feel drained. The gnoll attacks as you move away!
The gnoll barely misses you. The gnoll attacks as you move away!
The gnoll closely misses you.
There is an open door here.
The gnoll attacks as you move away! The gnoll hits you but does no damage.
You partially resist.
There is an open door here.
The gnoll attacks as you move away! The gnoll hits you but does no damage.
You partially resist. The gnoll attacks as you move away!
The gnoll hits you with a +1 flail of draining.
* * * LOW HITPOINT WARNING * * *
You partially resist.
You feel drained.
* * * LOW HITPOINT WARNING * * *
The gnoll attacks as you move away!
The gnoll hits you with a +1 flail of draining!
You die...

..# #.......#.......##.#.
..######## #..........†_..))...<
..#......# #.......#†......#...#
..#...... #.......#......†##..#
..#.... #.......#.†...†.##..#
.###'##+##+###......####.#####...
.#.....#.....####'###.##.#####.##
.#.g...#.....#...................
.'##)##'##'##'gg@...........##...
.#..#.....#g.#..............##...
.#).#+###'#..#..............##.##
.#..#.....#..#..............##.#
.+..+.._..+..+..............#..#
.#..#.....#..#................##
.#..#+###+#..#..............###
.#..# #..#..............# +##+
+..............#


You could see 3 gnolls.

Vanquished Creatures
  Jessica (D:3)
  Ijyb (D:3)
  An adder (D:2)
  5 gnolls
  3 adder skeletons (D:3)
  A worm (D:3)
  A dart slug (D:1)
  2 orcs (D:3)
  4 ball pythons
  3 bats (D:1)
  4 endoplasms
  2 goblins (D:3)
  5 hobgoblins
  5 jackals
  3 quokkas (D:1)
  2 frilled lizards
  4 kobolds
  8 rats
55 creatures vanquished.

Notes
Turn   | Place    | Note
-------+----------+-------------------------------------------
     0 | D:1      | avis the Demigod Hunter began the quest for the Orb.
     0 | D:1      | Reached XP level 1. HP: 17/17 MP: 3/3
   177 | D:1      | Reached skill level 4 in Ranged Weapons
   212 | D:1      | Reached XP level 2. HP: 24/24 MP: 4/4
   216 | D:1      | Reached skill level 1 in Stealth
   747 | D:1      | Reached XP level 3. HP: 29/29 MP: 5/5
  1100 | D:2      | Reached skill level 5 in Ranged Weapons
  1103 | D:2      | Reached XP level 4. HP: 12/36 MP: 6/6
  1613 | D:3      | Noticed Jessica
  1613 | D:3      | Found Vafesont's Armour Shoppe.
  1620 | D:3      | Killed Jessica
  1641 | D:3      | Noticed Ijyb
  1651 | D:3      | Killed Ijyb
  1667 | D:3      | Bought a +0 pair of boots for 58 gold pieces
  1843 | D:3      | Reached XP level 5. HP: 41/41 MP: 7/7
  1885 | D:3      | Slain by a gnoll

Illustrated notes

Levels and vault maps discovered:
D:1:      psy_arrival_whirlpool, layout_basic, serial_glass, glass_columns_a,
          glass_columns_a, ebering_ecumenical_altar_petrified
D:2:      layout_rooms, basic_altar
D:3:      layout_basic, mainiacjoe_overflow_24_doors,
          nicolae_uskayaw_murder_on_the_dancefloor, serial_shops, shop,
          serial_undead, serial_undead_e, serial_undead_c, serial_undead_f,
          serial_undead_a, serial_undead_c, grunt_ministairs_9, uniq_ijyb,
          uniq_jessica

Skill      XL: |  1  2  3 |
---------------+----------+-----
Fighting       | 2 |  2.0
Ranged Weapons | 4 5 |  5.9
Dodging        | 2 |  2.0
Stealth        | 1 |  1.0

Action                     |  1- 3 |  4- 6 || total
---------------------------+-------+-------++-------
   Fire: Shortbow          |    91 |    64 ||   155
 Armour: Leather armour    |     3 |     1 ||     4
         Robe              |       |     4 ||     4
  Dodge: Dodged            |    15 |    16 ||    31

Table legend: (Time is in decaauts)
 A = Elapsed time spent in this place.
 B = Non-inter-level travel time spent in this place.
 C = Inter-level travel time spent in this place.
 D = Time resting spent in this place.
 E = Time spent auto-exploring this place.
 F = Levels seen in this place.
 G = Mean time per level.
                   A        B        C        D        E       F      G
               +--------+--------+--------+--------+--------+-----+--------+
         Total |   1932 |   1738 |    194 |    153 |   1060 |   3 |  644.0 |
       Dungeon |   1932 |   1738 |    194 |    153 |   1060 |   3 |  644.0 |
               +--------+--------+--------+--------+--------+-----+--------+

Top non-repeatable levels by time:
     D:1: 944 daAuts
     D:2: 655 daAuts
     D:3: 331 daAuts
